AoeStats
← TPE-床上小旋風

Arena

509817127Analyzed
4v4 RM · 4d ago on Sep 28, 2026· 41m 6s· 8 players
Game mode
Random Map
Map size
Large (8 player)
Population
200
Speed
Normal
Resources
Standard
Victory
Conquest
Starting age
Dark Age
Ending age
Imperial Age
RankedLock teamsTeams togetherTeam positionsShared explorationLock speedFull tech treeHidden civsTurbo modeCheats
Victory
Defeat
🇺🇸 Hindustanis · United States
1434
+14
🇦🇷 Huns · Argentina
1365
+17
🇨🇳 Khmer · China
1351
+17
🇺🇸 Japanese · United States
1330
+18
🇺🇸 Saxons · United States
1426
-19
🇲🇽 Danes · Mexico
1386
-17
🇲🇽 Vikings · Mexico
1377
-16
🇷🇺 Persians · Russia
1319
-14
hkc02
10:19 Feudal Age
14:03 Castle Age
12:14 Double-Bit Axe
13:33 Horse Collar
17:15 Bow Saw
20:57 Wheelbarrow
22:51 Hand Cart
22:31 Loom
28:02 Imperial Age
25:41 Scale Barding Armor
25:47 Forging
26:01 Town Watch
26:24 Husbandry
26:34 Bloodlines
26:46 Chain Barding Armor
26:52 Gold Mining
28:19 Iron Casting
28:19 Heavy Camel Rider
30:10 Plate Barding Armor
30:53 Blast Furnace
32:14 Chemistry
31:35 Ballistics
32:22 Conscription
31:57 Imperial Camel Rider
32:39 Padded Archer Armor
32:47 Stone Mining
33:05 Heavy Plow
35:17 Thumb Ring
35:43 Shatagni
36:41 Leather Archer Armor
38:54 Ring Archer Armor
cuba
10:42 Feudal Age
14:20 Castle Age
12:21 Double-Bit Axe
15:15 Bow Saw
19:23 Horse Collar
20:44 Wheelbarrow
21:22 Stone Mining
25:05 Gold Mining
25:19 Heavy Plow
29:17 Imperial Age
JON
5:45 Loom
7:56 Feudal Age
11:28 Fletching
16:41 Double-Bit Axe
17:28 Horse Collar
19:28 Wheelbarrow
22:36 Castle Age
20:31 Gold Mining
22:10 Scale Mail Armor
23:43 Chain Mail Armor
25:05 Forging
25:39 Heavy Plow
28:18 Iron Casting
30:22 Gold Shaft Mining
29:37 Stone Mining
30:40 Pikeman
31:21 Squires
31:38 Bow Saw
37:29 Imperial Age
37:22 Bodkin Arrow
38:46 Plate Mail Armor
41:15 Conscription
42:22 Blast Furnace
41:00 Elite Samurai
帝国小牛
10:13 Feudal Age
13:55 Castle Age
11:42 Double-Bit Axe
15:16 Bow Saw
20:42 Gold Mining
21:47 Horse Collar
24:48 Gold Shaft Mining
24:04 Stone Mining
24:03 Loom
24:56 Wheelbarrow
25:21 Bloodlines
25:11 Husbandry
26:25 Scale Barding Armor
26:32 Forging
27:40 Chain Barding Armor
28:22 Hand Cart
28:48 Stone Shaft Mining
29:21 Iron Casting
32:19 Tusk Swords
36:41 Imperial Age
38:48 Blast Furnace
38:33 Plate Barding Armor
39:20 Elite Battle Elephant
meh
5:53 Loom
8:10 Feudal Age
10:55 Fletching
14:06 Horse Collar
15:59 Horse Collar
17:24 Wheelbarrow
21:48 Castle Age
20:20 Double-Bit Axe
26:18 Bow Saw
28:03 Bodkin Arrow
33:26 Imperial Age
31:09 Scale Mail Armor
31:19 Forging
31:13 Heavy Plow
31:14 Gold Mining
32:19 Fortified Wall
32:38 Ballistics
32:34 Chain Mail Armor
31:48 Man-at-Arms
32:38 Squires
33:09 Guard Tower
33:40 Hand Cart
32:51 Long Swordsman
33:16 Gambesons
33:23 Pikeman
34:46 Iron Casting
35:36 Bracer
34:59 Halberdier
37:45 Shield Wall
38:20 Two-Handed Swordsman
39:36 Plate Mail Armor
39:28 Arson
[Pb] Komodo 3000
8:19 Loom
10:05 Feudal Age
14:08 Castle Age
13:17 Double-Bit Axe
13:58 Gold Mining
14:17 Horse Collar
16:31 Bow Saw
17:46 Heavy Plow
20:51 Pikeman
21:43 Scale Barding Armor
21:39 Scale Mail Armor
22:47 Squires
23:54 Gold Shaft Mining
24:16 Town Watch
28:13 Forging
29:07 Chain Mail Armor
29:14 Chain Barding Armor
31:49 Iron Casting
31:47 Arson
32:11 Stone Mining
Herby
8:41 Loom
11:08 Feudal Age
12:20 Double-Bit Axe
12:28 Gold Mining
12:59 Loom
16:32 Castle Age
21:41 Imperial Age
20:26 Bow Saw
21:24 Gold Shaft Mining
22:07 Northmen's Fury
22:45 Capped Ram
34:54 Wheelbarrow
TPE-床上小旋風
10:53 Feudal Age
14:51 Castle Age
12:40 Double-Bit Axe
13:25 Gold Mining
13:17 Horse Collar
15:31 Scale Barding Armor
16:14 Bow Saw
17:13 Loom
21:03 Wheelbarrow
21:30 Fervor
24:17 Heavy Plow
24:49 Hand Cart
24:44 Stone Mining
26:17 Gold Shaft Mining
30:22 Imperial Age
28:30 Bloodlines
28:20 Husbandry
28:46 Chain Barding Armor
28:36 Forging
29:09 Forging
30:25 Cavalier
31:35 Conscription
32:39 Two-Man Saw
32:12 Crop Rotation
33:23 Plate Barding Armor
33:23 Iron Casting
33:55 Chemistry
33:11 Savar
35:37 Blast Furnace
34:55 Fletching
36:49 Scale Mail Armor
36:45 Bodkin Arrow
36:39 Pikeman
37:19 Squires
38:28 Kamandaran
38:32 Padded Archer Armor
38:54 Ballistics
38:15 Crossbowman
39:00 Thumb Ring
Connection lost

Rejoining the realm…

Still unreachable

The connection could not be restored.

Session expired

The server has moved on; the page needs a fresh start.